A - U25
QUAD CITIES RIVER BANDITS @ CLINTON LUMBERKINGS
09/06/2052
 
TOP OF THE 1ST
Chihuahua Aztecs batting - Pitching for Yucatan Matadors : RHP Seth Baylor
Pitching: RHP Seth Baylor
Batting: LHB Aarón Fermin 0-0: Swinging Strike
0-1: Ball
1-1: Ball
2-1: Ball
3-1: Foul Ball, location: 7LSF
3-2: Fly out, F7 (Flyball, 7D, EV 103.8 MPH)
Batting: RHB Aaron Brady 0-0: Ball
1-0: SINGLE (Groundball, 3D, EV 110.0 MPH)
Batting: LHB Caton Tamez 0-0: Called Strike
0-1: Called Strike
0-2: Strikes out swinging
Aaron Brady steals 2nd base
Batter strikes out.
Batting: RHB Jack Baker 0-0: Ball
1-0: Ball
2-0: Ball
3-0: Called Strike
3-1: Fly out, F8 (Flyball, 8LD, EV 93.8 MPH)
Top of the 1st over - 0 runs, 1 hit, 0 errors, 1 left on base; Chihuahua 0 - Yucatan 0
BOTTOM OF THE 1ST
Yucatan Matadors batting - Pitching for Chihuahua Aztecs : LHP Willard Williams
Pitching: LHP Willard Williams
Batting: RHB Max Duran 0-0: Foul Ball, location: 23F
0-1: Swinging Strike
0-2: Ball
1-2: Strikes out swinging
Batting: RHB Aitor Valdivia 0-0: Called Strike
0-1: Foul Ball, location: 9LSF
0-2: Ball
1-2: Ball
2-2: Strikes out swinging
Batting: LHB Kevin Schram 0-0: Foul Ball, location: 2F
0-1: Foul Ball, location: 2LF
0-2: Foul Ball, location: 3F
0-2: Ball
1-2: Ball
2-2: SINGLE (Line Drive, 9S, EV 100.0 MPH)
Batting: LHB Galtero De La Cruz 0-0: Ball
1-0: Ball
2-0: Foul Ball, location: 7LSF
2-1: Called Strike
2-2: Ball
3-2: Ground out 1-3 (Groundball, P, EV 71.3 MPH)
Bottom of the 1st over - 0 runs, 1 hit, 0 errors, 1 left on base; Chihuahua 0 - Yucatan 0
TOP OF THE 2ND
Chihuahua Aztecs batting - Pitching for Yucatan Matadors : RHP Seth Baylor
Batting: RHB Noah Long 0-0: Ball
1-0: Called Strike
1-1: Foul Ball, location: 9LMF
1-2: Strikes out looking
Batting: RHB Vaughan Babbs 0-0: Called Strike
0-1: Called Strike
0-2: Ball
1-2: Foul Ball, location: 2F
1-2: Foul Ball, location: 2F
1-2: Fly out, F8 (Flyball, 8RM, EV 88.1 MPH)
Batting: RHB Victor Contreras 0-0: Ball
1-0: Ball
2-0: Called Strike
2-1: Called Strike
2-2: Strikes out swinging
Top of the 2nd over - 0 runs, 0 hits, 0 errors, 0 left on base; Chihuahua 0 - Yucatan 0
BOTTOM OF THE 2ND
Yucatan Matadors batting - Pitching for Chihuahua Aztecs : LHP Willard Williams
Batting: RHB Sandro Cordero 0-0: Called Strike
0-1: Ball
1-1: Foul Ball, location: 2F
1-2: Fly out, F8 (Flyball, 89M, EV 98.1 MPH)
Batting: RHB Nathan Stark 0-0: Fly out, F9 (Flyball, 89M, EV 95.0 MPH)
Batting: RHB Rod Ternes 0-0: Ball
1-0: Called Strike
1-1: Ball
2-1: Foul Ball, location: 9LSF
2-2: Ball
3-2: Foul Ball, location: 3FF
3-2: Ground out U3 (Groundball, 34, EV 82.5 MPH)
Bottom of the 2nd over - 0 runs, 0 hits, 0 errors, 0 left on base; Chihuahua 0 - Yucatan 0
TOP OF THE 3RD
Chihuahua Aztecs batting - Pitching for Yucatan Matadors : RHP Seth Baylor
Batting: LHB Lukas Guerra 0-0: Ground out 3-1 (Groundball, 34S, EV 83.1 MPH)
Batting: RHB José Lemus 0-0: Ball
1-0: Called Strike
1-1: Fly out, F6 (Popup, 6, EV 53.1 MPH)
Batting: LHB Aarón Fermin 0-0: Ball
1-0: Called Strike
1-1: Ball
2-1: Called Strike
2-2: Ball
3-2: SINGLE (Groundball, 34D, EV 88.1 MPH) (infield hit)
Batting: RHB Aaron Brady 0-0: Called Strike
0-1: Foul Ball, location: 2F
0-2: Strikes out looking
Top of the 3rd over - 0 runs, 1 hit, 0 errors, 1 left on base; Chihuahua 0 - Yucatan 0
BOTTOM OF THE 3RD
Yucatan Matadors batting - Pitching for Chihuahua Aztecs : LHP Willard Williams
Batting: RHB Jesús Muñoz 0-0: Called Strike
0-1: Ball
1-1: Ball
2-1: Called Strike
2-2: Strikes out looking
Batting: LHB Magali Lopez 0-0: Called Strike
0-1: Ball
1-1: Foul Ball, location: 7LDF
1-2: Ball
2-2: Ground out U3 (Groundball, 34S, EV 69.4 MPH)
Batting: RHB Max Duran 0-0: Called Strike
0-1: Ball
1-1: Foul Ball, location: 7LMF
1-2: SINGLE (Groundball, 6MD, EV 96.3 MPH)
Batting: RHB Aitor Valdivia 0-0: Ball
1-0: Foul Ball, location: 5F
1-1: Called Strike
1-2: Ball
2-2: Strikes out swinging
Bottom of the 3rd over - 0 runs, 1 hit, 0 errors, 1 left on base; Chihuahua 0 - Yucatan 0
TOP OF THE 4TH
Chihuahua Aztecs batting - Pitching for Yucatan Matadors : RHP Seth Baylor
Batting: LHB Caton Tamez 0-0: Ball
1-0: Ball
2-0: Ball
3-0: Base on Balls
Batting: RHB Jack Baker 0-0: Ball
1-0: Called Strike
1-1: Swinging Strike
1-2: Foul Ball, location: 25F
1-2: Foul Ball, location: 9LSF
1-2: Ball
2-2: Ball
3-2: Fly out, F3 (Popup, 3SF, EV 75.6 MPH)
Batting: RHB Noah Long 0-0: Foul Ball, location: 9LSF
0-1: Ball
1-1: Swinging Strike
1-2: Ball
2-2: Ground out 4-3 (Groundball, 4MS, EV 64.4 MPH)
Caton Tamez to second
Batting: RHB Vaughan Babbs 0-0: Ball
1-0: Called Strike
1-1: Foul Ball, location: 25F
1-2: SINGLE (Line Drive, 78M, EV 110.6 MPH)
Caton Tamez to third
Runner from 3rd tries for Home, SAFE, throw by LF to home
Batting: RHB Victor Contreras 0-0: Ball
1-0: Ball
2-0: Ball
3-0: Called Strike
3-1: Fly out, F9 (Flyball, 89M, EV 94.4 MPH)
Top of the 4th over - 1 run, 1 hit, 0 errors, 1 left on base; Chihuahua 1 - Yucatan 0
BOTTOM OF THE 4TH
Yucatan Matadors batting - Pitching for Chihuahua Aztecs : LHP Willard Williams
Batting: LHB Kevin Schram 0-0: SINGLE (Groundball, P, EV 84.4 MPH) (infield hit)
Batting: LHB Galtero De La Cruz 0-0: Ball
1-0: Called Strike
1-1: Foul Ball, location: 5SF
1-2: Ball
2-2: DOUBLE (Line Drive, 89D, EV 105.6 MPH)
Kevin Schram to third
Batting: RHB Sandro Cordero 0-0: Foul Ball, location: 2F
0-1: Ball
1-1: Foul Ball, location: 2F
1-2: Foul Ball, location: 2F
1-2: Ball
2-2: Ball
3-2: Fly out, F8 (Line Drive, 8LD, EV 92.5 MPH)
Runner from 3rd tags up, SCORES, throw by CF
Batting: RHB Nathan Stark 0-0: Foul Ball, location: 9LDF
0-1: Ball
1-1: Ball
2-1: Ball
3-1: Base on Balls
Batting: RHB Rod Ternes 0-0: Ball
1-0: Ball
2-0: Foul Ball, location: 9LDF
2-1: Ball
3-1: Fly out, F8 (Flyball, 8LD, EV 79.4 MPH)
Runner from 2nd tags up, SAFE at 3rd with throw by CF
Batting: RHB Jesús Muñoz 0-0: Ball
1-0: Swinging Strike
1-1: Swinging Strike
1-2: Ball
2-2: Ball
3-2: Base on Balls
Nathan Stark to second
Batting: LHB Magali Lopez 0-0: Called Strike
0-1: Ball
1-1: Swinging Strike
1-2: Ball
2-2: Ball
Wild Pitch!
Galtero De La Cruz scores
Nathan Stark to third
Jesús Muñoz to second
3-2: Strikes out swinging
Bottom of the 4th over - 2 runs, 2 hits, 0 errors, 2 left on base; Chihuahua 1 - Yucatan 2
TOP OF THE 5TH
Chihuahua Aztecs batting - Pitching for Yucatan Matadors : RHP Seth Baylor
Batting: LHB Lukas Guerra 0-0: Ball
1-0: Swinging Strike
1-1: Ball
2-1: Called Strike
2-2: Ball
3-2: Base on Balls
Batting: RHB José Lemus 0-0: Sac Bunt to 13S - play at first, batter OUT! 1-3
Lukas Guerra to second
Batting: LHB Aarón Fermin 0-0: Called Strike
0-1: Ball
1-1: SINGLE (Groundball, 56S, EV 69.4 MPH) (infield hit)
Lukas Guerra to third
Batting: RHB Aaron Brady 0-0: Ball
1-0: Ball
2-0: Ball
3-0: Base on Balls
Aarón Fermin to second
Batting: LHB Caton Tamez 0-0: Hit by Pitch
Lukas Guerra scores
Aarón Fermin to third
Aaron Brady to second
Batting: RHB Jack Baker 0-0: Ball
1-0: Called Strike
1-1: Swinging Strike
1-2: Fly out, F9 (Flyball, 9, EV 85.0 MPH)
Batting: RHB Noah Long 0-0: DOUBLE (Flyball, 78D, EV 89.4 MPH)
Aarón Fermin scores
Aaron Brady scores
Caton Tamez to third
Batting: RHB Vaughan Babbs 0-0: Ball
1-0: Called Strike
1-1: Ball
2-1: Fly out, F9 (Flyball, 9LS, EV 79.4 MPH)
Top of the 5th over - 3 runs, 2 hits, 0 errors, 2 left on base; Chihuahua 4 - Yucatan 2
BOTTOM OF THE 5TH
Yucatan Matadors batting - Pitching for Chihuahua Aztecs : LHP Willard Williams
Batting: RHB Max Duran 0-0: Foul Ball, location: 7LSF
0-1: Foul Ball, location: 5FF
0-2: Ball
1-2: Foul Ball, location: 9LMF
1-2: Ball
2-2: Ball
3-2: DOUBLE (Flyball, 8RXD, EV 98.8 MPH)
Batting: RHB Aitor Valdivia 0-0: Ball
1-0: Called Strike
1-1: SINGLE (Line Drive, 89M, EV 93.8 MPH)
Max Duran to third
Pitching: RHP Michel Solorio
Batting: LHB Kevin Schram 0-0: Ball
1-0: Foul Ball, location: 3FF
1-1: Called Strike
1-2: Strikes out swinging
Batting: LHB Galtero De La Cruz 0-0: Ball
1-0: Ball
2-0: Called Strike
2-1: Fielders Choice attempt at home, Runner SAFE. 3-2 (Groundball, 3, EV 87.5 MPH)
Aitor Valdivia to second
Batting: RHB Sandro Cordero 0-0: Ball
1-0: Ball
2-0: Foul Ball, location: 3F
2-1: Ball
3-1: Swinging Strike
3-2: Foul Ball, location: 2F
3-2: Fielders Choice at 2nd, 3-6 (Groundball, 34S, EV 90.6 MPH)
Aitor Valdivia to third
Batting: RHB Nathan Stark 0-0: Ball
1-0: Foul Ball, location: 2F
1-1: Fly out, F9 (Flyball, 9, EV 88.8 MPH)
Bottom of the 5th over - 1 run, 2 hits, 0 errors, 2 left on base; Chihuahua 4 - Yucatan 3
TOP OF THE 6TH
Chihuahua Aztecs batting - Pitching for Yucatan Matadors : RHP Seth Baylor
Batting: RHB Victor Contreras 0-0: Ball
1-0: Called Strike
1-1: Swinging Strike
1-2: Ball
2-2: SINGLE (Line Drive, 9LS, EV 95.0 MPH)
Pitching: RHP Sam Gerken
Batting: LHB Lukas Guerra 0-0: Ball
1-0: Sac Bunt to 3S - play at first, batter OUT! 3-1
Victor Contreras to second
Batting: RHB José Lemus 0-0: Ground out U3 (Groundball, 34, EV 102.5 MPH)
Victor Contreras to third
Batting: LHB Aarón Fermin 0-0: Ball
1-0: SINGLE (Line Drive, 7S, EV 86.3 MPH)
Victor Contreras scores
Batting: RHB Aaron Brady 0-0: Swinging Strike
0-1: Ground out 4-3 (Groundball, 4MD, EV 105.0 MPH)
Top of the 6th over - 1 run, 2 hits, 0 errors, 1 left on base; Chihuahua 5 - Yucatan 3
BOTTOM OF THE 6TH
Yucatan Matadors batting - Pitching for Chihuahua Aztecs : RHP Michel Solorio
Batting: RHB Rod Ternes 0-0: Ball
1-0: Ball
2-0: Foul Ball, location: 2F
2-1: Ball
3-1: Base on Balls
Pinch Hitting: LHB Randy Webber 0-0: Called Strike
0-1: Foul Ball, location: 23FF
0-2: Ball
1-2: Strikes out swinging
Batting: LHB Magali Lopez 0-0: Ball
1-0: Foul Ball, location: 2F
1-1: Ball
2-1: Called Strike
2-2: Strikes out swinging
Batting: RHB Max Duran 0-0: Foul Ball, location: 3F
0-1: Foul Ball, location: 2F
0-2: Foul Ball, location: 23F
0-2: SINGLE (Line Drive, 6D, EV 100.0 MPH)
Rod Ternes to second
Runner from 2nd tries for 3rd, SAFE, throw by CF made to third
Batting: RHB Aitor Valdivia 0-0: Ball
1-0: Ball
2-0: Called Strike
2-1: Ball
3-1: Base on Balls
Max Duran to second
Batting: LHB Kevin Schram 0-0: Ball
1-0: Ball
2-0: Ball
3-0: Base on Balls
Rod Ternes scores
Max Duran to third
Aitor Valdivia to second
Batting: LHB Galtero De La Cruz 0-0: Ball
1-0: Fielders Choice at 2nd, 5-4 (Groundball, 56, EV 86.3 MPH)
Bottom of the 6th over - 1 run, 1 hit, 0 errors, 3 left on base; Chihuahua 5 - Yucatan 4
TOP OF THE 7TH
Chihuahua Aztecs batting - Pitching for Yucatan Matadors : RHP Sam Gerken
Now at SS: Barret Lanning
Batting: LHB Caton Tamez 0-0: Called Strike
0-1: Ground out 5-3 (Groundball, 56, EV 88.1 MPH)
Batting: RHB Jack Baker 0-0: Ball
1-0: Ball
2-0: Swinging Strike
2-1: Called Strike
2-2: Foul Ball, location: 3FF
2-2: Ball
3-2: Strikes out swinging
Batting: RHB Noah Long 0-0: Foul Ball, location: 9LSF
0-1: SINGLE (Groundball, P, EV 82.5 MPH) (infield hit)
Batting: RHB Vaughan Babbs 0-0: Ball
1-0: Called Strike
1-1: Ball
Noah Long steals 2nd base
2-1: Ball
3-1: Called Strike
3-2: Ground out 6-3 (Groundball, 6, EV 101.9 MPH)
Top of the 7th over - 0 runs, 1 hit, 0 errors, 1 left on base; Chihuahua 5 - Yucatan 4
BOTTOM OF THE 7TH
Yucatan Matadors batting - Pitching for Chihuahua Aztecs : RHP Michel Solorio
Pitching: LHP Levi Lerch
Batting: RHB Sandro Cordero 0-0: Foul Ball, location: 2F
0-1: Foul Ball, location: 23F
0-2: Ball
1-2: Ball
2-2: Strikes out looking
Batting: RHB Nathan Stark 0-0: Ball
1-0: Ball
2-0: Called Strike
2-1: Foul Ball, location: 2F
2-2: Strikes out swinging
Batting: RHB Rod Ternes 0-0: Foul Ball, location: 5FF
0-1: Swinging Strike
0-2: Foul Ball, location: 2RF
0-2: Ball
1-2: Strikes out swinging
Bottom of the 7th over - 0 runs, 0 hits, 0 errors, 0 left on base; Chihuahua 5 - Yucatan 4
TOP OF THE 8TH
Chihuahua Aztecs batting - Pitching for Yucatan Matadors : RHP Sam Gerken
Pitching: RHP Sandy Rodriguez
Pinch Hitting: RHB Jude Carroll 0-0: Called Strike
0-1: Swinging Strike
0-2: Strikes out looking
Batting: LHB Lukas Guerra 0-0: Ball
1-0: Ball
2-0: Ball
3-0: Foul Ball, location: 5SF
3-1: Base on Balls
Pinch Hitting: LHB Deacon Grajeda 0-0: Swinging Strike
0-1: Fly out, F5 (Line Drive, 56, EV 68.1 MPH)
Batting: LHB Aarón Fermin 0-0: Foul Ball, location: 23F
0-1: Ground out 5-3 (Groundball, 56S, EV 84.4 MPH)
Top of the 8th over - 0 runs, 0 hits, 0 errors, 1 left on base; Chihuahua 5 - Yucatan 4
BOTTOM OF THE 8TH
Yucatan Matadors batting - Pitching for Chihuahua Aztecs : LHP Levi Lerch
Pitching: RHP Niles Valencia
Now at SS: Bennie Lord
Now in RF: Adrian Solorio
Batting: RHB Barret Lanning 0-0: Swinging Strike
0-1: Fly out, F5 (Line Drive, 5, EV 60.6 MPH)
Batting: LHB Magali Lopez 0-0: Called Strike
0-1: SINGLE (Groundball, 6MD, EV 95.6 MPH)
Batting: RHB Max Duran 0-0: Swinging Strike
0-1: Ball
1-1: Called Strike
1-2: Ball
2-2: Ball
3-2: Fly out, F3 (Popup, 3SF, EV 75.6 MPH)
Pinch Hitting: SHB E.J. Lunsford 0-0: Ball
1-0: Ball
2-0: Foul Ball, location: 3F
2-1: SINGLE (Groundball, 34D, EV 100.6 MPH)
Magali Lopez to second
Runner from 2nd tries for 3rd, SAFE, throw by RF made to third
Batting: LHB Kevin Schram 0-0: Ball
1-0: Ball
2-0: Foul Ball, location: 9LMF
2-1: Ball
3-1: Foul Ball, location: 5F
3-2: Fly out, F8 (Flyball, 89S, EV 93.8 MPH)
Bottom of the 8th over - 0 runs, 2 hits, 0 errors, 2 left on base; Chihuahua 5 - Yucatan 4
TOP OF THE 9TH
Chihuahua Aztecs batting - Pitching for Yucatan Matadors : RHP Sandy Rodriguez
Now in LF: E.J. Lunsford
Batting: RHB Aaron Brady 0-0: Called Strike
0-1: Ball
1-1: Called Strike
1-2: Strikes out looking
Batting: LHB Caton Tamez 0-0: Foul Ball, location: 2F
0-1: Ball
1-1: Ball
2-1: Ball
3-1: Base on Balls
Batting: RHB Jack Baker 0-0: Swinging Strike
0-1: DOUBLE (Flyball, 78XD, EV 103.8 MPH)
Caton Tamez to third
Batting: RHB Noah Long 0-0: Foul Ball, location: 2F
0-1: Foul Ball, location: 2F
0-2: Ball
1-2: Ground out 6-3 (Groundball, 6, EV 87.5 MPH)
Batting: RHB Vaughan Babbs 0-0: Reached on error, E5 (Groundball, 56S, EV 89.4 MPH)
Caton Tamez scores
Jack Baker scores
Batting: RHB Bennie Lord 0-0: Ball
1-0: Ball
2-0: Called Strike
2-1: Fly out, F8 (Flyball, 8RM, EV 92.5 MPH)
Top of the 9th over - 2 runs, 1 hit, 1 error, 1 left on base; Chihuahua 7 - Yucatan 4
BOTTOM OF THE 9TH
Yucatan Matadors batting - Pitching for Chihuahua Aztecs : RHP Niles Valencia
Pitching: RHP Cal Stuart
Batting: LHB Galtero De La Cruz 0-0: Foul Ball, location: 2F
0-1: Ball
1-1: Ball
2-1: Foul Ball, location: 2F
2-2: Ball
3-2: Ground out 4-3 (Groundball, 4, EV 88.8 MPH)
Batting: RHB Sandro Cordero 0-0: Ball
1-0: Foul Ball, location: 9LMF
1-1: Foul Ball, location: 3FF
1-2: Foul Ball, location: 9LMFF
1-2: Ball
2-2: Foul Ball, location: 5FF
2-2: Strikes out swinging
Batting: RHB Nathan Stark 0-0: Foul Ball, location: 7LSF
0-1: Called Strike
0-2: Strikes out swinging
Bottom of the 9th over - 0 runs, 0 hits, 0 errors, 0 left on base; Chihuahua 7 - Yucatan 4
Monday, May 6th , 2024 - OOTP Baseball 24.11 Build 85